[Event "3rd FIDE WCCC Blitz G08 2019"]
[Site "Minsk"]
[Date "2019.08.18"]
[Round "5.4"]
[White "Olimova, Rukiya"]
[Black "Matskevich, Varvara"]
[Result "1-0"]
[ECO "A45"]
[WhiteElo "1178"]
[BlackElo "1176"]
[Annotator "NA"]
[PlyCount "89"]
[EventDate "2019.08.18"]
[EventType "swiss"]
[EventCountry "BLR"]
[SourceTitle "playchess.com"]
[Source "ChessBase"]
[SourceQuality "1"]
[TimeControl "300+2"]

1. d4 Nf6 2. Bf4 e6 3. e3 c5 4. c3 b6 5. Bd3 Bb7 6. Nf3 Be7 7. O-O O-O 8. Nbd2 d6 9. h3 Nbd7 10. Qe2 Qc7 11. Rac1 Rac8 12. Rfd1 Rfd8 13. e4 h6 14. b3 Kh8 15. c4 cxd4 16. Nxd4 Nc5 17. Nb5 Qb8 18. Bb1 Qa8 19. f3 Bc6 20. Nc3 Qb7 21. Nf1 Qa6 22. Ne3 Qa5 23. Qb2 Nh5 24. Bh2 Qb4 25. Nc2 Na4 26. Nxa4 Bxa4 27. Nxb4 a5 28. Nd3 Rxc4 29. bxc4 Bg5 30. Rc3 Bxd1 31. Qxb6 a4 32. f4 Bf6 33. g4 Nxf4 34. Bxf4 Rg8 35. Rc1 Be2 36. Qxd6 Bxd3 37. Bxd3 Kh7 38. e5+ Kh8 39. exf6 g6 40. Bxh6 Kh7 41. g5 a3 42. Qe7 Rg7 43. fxg7 e5 44. Qf8 e4 45. g8=Q# 1-0

[Event "3rd FIDE WCCC Blitz G08 2019"]
[Site "Minsk"]
[Date "2019.08.18"]
[Round "5.5"]
[White "Kudrina, Evelina"]
[Black "Mutina, Evdokia"]
[Result "1-0"]
[ECO "D51"]
[WhiteElo "1194"]
[BlackElo "1001"]
[Annotator "NA"]
[PlyCount "143"]
[EventDate "2019.08.18"]
[EventType "swiss"]
[EventCountry "BLR"]
[SourceTitle "playchess.com"]
[Source "ChessBase"]
[SourceQuality "1"]
[TimeControl "300+2"]

1. d4 d5 2. c4 e6 3. Nc3 Nf6 4. Bg5 Nbd7 5. e3 c6 6. cxd5 cxd5 7. Bd3 Be7 8. Nf3 O-O 9. Rc1 h6 10. Bf4 Bb4 11. O-O Re8 12. a3 Bxc3 13. Rxc3 Qb6 14. Rb3 Qc6 15. Bb5 Qb6 16. Bxd7 Qd8 17. Bxe8 Qxe8 18. Rc3 Ne4 19. Rc7 Qd8 20. Nd2 g5 21. Rc1 gxf4 22. Nxe4 dxe4 23. exf4 Qh4 24. Qd2 b6 25. Qe3 Bb7 26. Qg3+ Qxg3 27. hxg3 Rd8 28. Rfd1 Ba6 29. Rd2 Bd3 30. f3 Rxd4 31. fxe4 Rxe4 32. Rxd3 Re2 33. Rb3 Kg7 34. Kf1 Rd2 35. Rb5 f6 36. g4 Kg6 37. Rb1 Rd4 38. f5+ exf5 39. gxf5+ Kg5 40. Rb4 Rd3 41. Rb5 Rd4 42. Ke2 Re4+ 43. Kd3 Rg4 44. Rg1 Rg3+ 45. Ke2 Rg4 46. b4 Rg3 47. a4 Ra3 48. a5 bxa5 49. Rxa5 Rxa5 50. bxa5 Kxf5 51. Rh1 Ke5 52. Kf3 Kd5 53. Rxh6 Kc5 54. Rxf6 Kb4 55. Rc6 Kb5 56. Rc1 Kxa5 57. Ra1+ Kb6 58. Rxa7 Kxa7 59. g4 Kb7 60. Kf4 Kc7 61. g5 Kd7 62. Kf5 Ke8 63. g6 Kf8 64. Kf6 Kg8 65. g7 Kh7 66. Kf7 Kh6 67. g8=Q Kh5 68. Kf6 Kh4 69. Kf5 Kh3 70. Kf4 Kh2 71. Kf3 Kh1 72. Qg2# 1-0

[Event "3rd FIDE WCCC Blitz G08 2019"]
[Site "Minsk"]
[Date "2019.08.18"]
[Round "5.6"]
[White "Bausheva, Angelina"]
[Black "Asachenko, Ksenia"]
[Result "0-1"]
[ECO "B21"]
[WhiteElo "1043"]
[BlackElo "1169"]
[Annotator "NA"]
[PlyCount "73"]
[EventDate "2019.08.18"]
[EventType "swiss"]
[EventCountry "BLR"]
[SourceTitle "playchess.com"]
[Source "ChessBase"]
[SourceQuality "1"]
[TimeControl "300+2"]

1. e4 c5 2. d4 cxd4 3. c3 dxc3 4. Nxc3 Nc6 5. Nf3 d6 6. Bc4 e6 7. O-O Nf6 8. e5 dxe5 9. Qxd8+ Nxd8 10. Nb5 Ke7 11. Nxe5 a6 12. Nd4 Ke8 13. Bf4 Bc5 14. Nb3 Bb6 15. Rfd1 Ke7 16. Rac1 Bc7 17. Ng6+ hxg6 18. Bxc7 Nc6 19. Nd4 Nxd4 20. Rxd4 b5 21. Bb3 Bb7 22. Bb6 Rac8 23. Rc2 Rxc2 24. Bxc2 Rc8 25. Rd2 Be4 26. Bb3 Rc1+ 27. Rd1 Rxd1+ 28. Bxd1 Bb1 29. a3 Nd5 30. Bd4 f6 31. Kf1 Kd6 32. Ke2 e5 33. Be3 Bf5 34. f3 g5 35. g4 Bg6 36. Bb3 a5 37. Bb6 0-1

[Event "3rd FIDE WCCC Blitz G08 2019"]
[Site "Minsk"]
[Date "2019.08.18"]
[Round "6.1"]
[White "Phan, Nguyen Mai Chi"]
[Black "Preobrazhenskaya, Diana"]
[Result "1/2-1/2"]
[ECO "A30"]
[WhiteElo "2139"]
[BlackElo "1361"]
[Annotator "NA"]
[PlyCount "180"]
[EventDate "2019.08.18"]
[EventType "swiss"]
[EventCountry "BLR"]
[SourceTitle "playchess.com"]
[Source "ChessBase"]
[SourceQuality "1"]
[TimeControl "300+2"]

1. c4 c5 2. b3 Nf6 3. Bb2 g6 4. d3 Bg7 5. e3 O-O 6. Nf3 Nc6 7. Nbd2 d5 8. cxd5 Qxd5 9. Be2 Nb4 10. Nc4 Rd8 11. d4 cxd4 12. Bxd4 Bf5 13. O-O Nc2 14. Rc1 Nxd4 15. Nxd4 Bd7 16. Bf3 Qg5 17. Bxb7 Rab8 18. Bf3 Qh4 19. g3 Qg5 20. Bg2 Ng4 21. h3 Nh6 22. Nf3 Qb5 23. Qe2 Be6 24. Kh2 Nf5 25. Rfe1 Nd6 26. Nxd6 Qxe2 27. Rxe2 Rxd6 28. Rec2 Ra6 29. Nd4 Bxd4 30. exd4 Rd6 31. Rd2 Rbd8 32. Rcd1 Kg7 33. d5 Bd7 34. Re2 e6 35. Red2 e5 36. Re2 f6 37. Rc2 Be6 38. Rc7+ Kg8 39. Rxa7 Bxd5 40. Bxd5+ Rxd5 41. Rxd5 Rxd5 42. Ra8+ Kg7 43. a3 Rd3 44. b4 Rb3 45. Ra5 Kf7 46. Ra7+ Kg8 47. Ra5 Kf7 48. b5 Ke6 49. a4 Rb4 50. Ra6+ Kf5 51. b6 Rb2 52. Kg2 e4 53. g4+ Kf4 54. Kg1 Kf3 55. b7 Rb1+ 56. Kh2 Rxb7 57. Rxf6+ Ke2 58. Kg3 Ra7 59. Re6 Rxa4 60. Re7 h5 61. gxh5 gxh5 62. f3 Kd3 63. Rxe4 Rxe4 64. fxe4 Kxe4 65. Kh4 Kf5 66. Kxh5 Kf6 67. Kh6 Kf7 68. Kh7 Kf8 69. h4 Kf7 70. h5 Kf8 71. Kh6 Kg8 72. Kg6 Kh8 73. Kg5 Kh7 74. h6 Kh8 75. Kh4 Kh7 76. Kh5 Kh8 77. Kg6 Kg8 78. Kg5 Kh7 79. Kh5 Kh8 80. Kg4 Kh7 81. Kg5 Kg8 82. Kf6 Kh8 83. Kf5 Kg8 84. Kg6 Kh8 85. Kh5 Kh7 86. Kg5 Kg8 87. Kg4 Kf7 88. Kh5 Kf6 89. Kg4 Kg6 90. h7 Kxh7 1/2-1/2

[Event "3rd FIDE WCCC Blitz G08 2019"]
[Site "Minsk"]
[Date "2019.08.18"]
[Round "6.2"]
[White "Trishkina, Evgeniya"]
[Black "Tong, Thai Hoang An"]
[Result "0-1"]
[ECO "B01"]
[WhiteElo "1328"]
[BlackElo "1208"]
[Annotator "NA"]
[PlyCount "46"]
[EventDate "2019.08.18"]
[EventType "swiss"]
[EventCountry "BLR"]
[SourceTitle "playchess.com"]
[Source "ChessBase"]
[SourceQuality "1"]
[TimeControl "300+2"]

1. e4 d5 2. exd5 Qxd5 3. Nc3 Qd6 4. Bc4 Nf6 5. Nf3 a6 6. O-O Bg4 7. h3 Bh5 8. Be2 Nc6 9. d3 O-O-O 10. Re1 e5 11. Be3 h6 12. a3 g5 13. b4 g4 14. hxg4 Bxg4 15. Nh2 Bxe2 16. Qxe2 Nd4 17. Bxd4 exd4 18. Ne4 Nxe4 19. Qxe4 Rg8 20. Qh7 Rg7 21. Qf5+ Kb8 22. Qe5 Qc6 23. Rac1 Qxg2# 0-1

[Event "3rd FIDE WCCC Blitz G08 2019"]
[Site "Minsk"]
[Date "2019.08.18"]
[Round "6.3"]
[White "Asachenko, Ksenia"]
[Black "Kudrina, Evelina"]
[Result "1-0"]
[ECO "B01"]
[WhiteElo "1169"]
[BlackElo "1194"]
[Annotator "NA"]
[PlyCount "141"]
[EventDate "2019.08.18"]
[EventType "swiss"]
[EventCountry "BLR"]
[SourceTitle "playchess.com"]
[Source "ChessBase"]
[SourceQuality "1"]
[TimeControl "300+2"]

1. e4 d5 2. exd5 Qxd5 3. Nc3 Qa5 4. Nf3 Nf6 5. d4 Bg4 6. h3 Bh5 7. g4 Bg6 8. Ne5 Be4 9. f3 Bc6 10. Bf4 Nd5 11. Bd2 e6 12. Bd3 Nb4 13. Be4 f6 14. Nxc6 N4xc6 15. Nd5 Nb4 16. Nxb4 Bxb4 17. Bxb7 Bxd2+ 18. Qxd2 Qxd2+ 19. Kxd2 Kf7 20. Bxa8 Na6 21. Be4 g6 22. Rhe1 Re8 23. h4 Nb4 24. a3 Na6 25. Bb7 Nb8 26. c4 Nd7 27. Be4 Nb6 28. Bc6 Rd8 29. Kc3 Rd6 30. Be4 Rd8 31. Re2 Rc8 32. Rae1 c5 33. dxc5 Rxc5 34. b3 e5 35. Bd3 Nd5+ 36. Kc2 Nf4 37. Rf2 Nxd3 38. Kxd3 Ra5 39. a4 Ra6 40. f4 Rd6+ 41. Kc3 exf4 42. Rxf4 a5 43. b4 axb4+ 44. Kxb4 Rb6+ 45. Ka3 Ra6 46. c5 h6 47. Rc4 Rc6 48. a5 f5 49. gxf5 gxf5 50. Rf1 Kf6 51. Ka4 Ke5 52. Rff4 h5 53. Kb5 Rc8 54. a6 Ra8 55. c6 Rb8+ 56. Ka5 Kd5 57. Rb4 Ra8 58. Rfc4 Kd6 59. c7 Kd7 60. c8=Q+ Rxc8 61. Rxc8 Kxc8 62. a7 Kd7 63. a8=Q Ke6 64. Qc8+ Ke5 65. Rb5+ Kf4 66. Qc7+ Ke3 67. Re5+ Kd4 68. Qc5+ Kd3 69. Re3+ Kd2 70. Qc3+ Kd1 71. Re1# 1-0

[Event "3rd FIDE WCCC Blitz G08 2019"]
[Site "Minsk"]
[Date "2019.08.18"]
[Round "6.4"]
[White "Lajdamik, Kinga"]
[Black "Olimova, Rukiya"]
[Result "0-1"]
[ECO "C01"]
[WhiteElo "1145"]
[BlackElo "1178"]
[Annotator "NA"]
[PlyCount "186"]
[EventDate "2019.08.18"]
[EventType "swiss"]
[EventCountry "BLR"]
[SourceTitle "playchess.com"]
[Source "ChessBase"]
[SourceQuality "1"]
[TimeControl "300+2"]

1. e4 e6 2. d4 d5 3. exd5 exd5 4. Bd3 Bd6 5. Nf3 Nf6 6. c3 h6 7. O-O O-O 8. h3 c6 9. Be3 Qc7 10. Nbd2 Be6 11. Qc2 Nbd7 12. Rfe1 Rfe8 13. a3 Nb6 14. Re2 Rad8 15. Rae1 Bf4 16. Qb1 Bxe3 17. Rxe3 Bc8 18. Rxe8+ Rxe8 19. Bh7+ Kf8 20. Rxe8+ Kxe8 21. Qe1+ Kf8 22. Bd3 Be6 23. Ne5 Nbd7 24. Ndf3 Nxe5 25. Nxe5 Nd7 26. Nf3 Qb6 27. Qd2 Nf6 28. Ne5 c5 29. dxc5 Qxc5 30. Qe3 Qxe3 31. fxe3 Ke7 32. Kf2 Kd6 33. Nf3 Nd7 34. Ke2 Nc5 35. Bc2 g5 36. Nd4 a6 37. b4 Nd7 38. a4 Ne5 39. b5 Nc4 40. Bb3 axb5 41. axb5 Nb6 42. Kf3 f5 43. Nxe6 Kxe6 44. g4 Kf6 45. Bc2 fxg4+ 46. Kxg4 Nc4 47. Bb3 Nxe3+ 48. Kh5 Kg7 49. Ba2 b6 50. Bb1 Nc4 51. Bg6 Na3 52. Be8 Nb1 53. Bc6 Nxc3 54. Kg4 Kf6 55. Kh5 d4 56. Bf3 Kg7 57. Kg4 Nxb5 58. Bc6 Nd6 59. Kf3 Kf6 60. Ke2 Ke5 61. Kd3 h5 62. Bf3 h4 63. Bg4 b5 64. Bd7 b4 65. Ba4 Nf5 66. Bd7 Ne3 67. Ba4 Nd5 68. Bd7 Nf4+ 69. Kc4 d3 70. Kxb4 d2 71. Bg4 Nxh3 72. Kc3 Nf2 73. Bf3 g4 74. Be2 h3 75. Kxd2 h2 76. Ke1 h1=Q+ 77. Kxf2 Kf4 78. Bxg4 Kxg4 79. Ke3 Qf3+ 80. Kd4 Kf5 81. Kc4 Ke5 82. Kb5 Qc3 83. Kb6 Kd6 84. Kb5 Qc5+ 85. Ka4 Kc6 86. Kb3 Qd4 87. Ka3 Kb5 88. Kb3 Qd3+ 89. Kb2 Ka4 90. Kc1 Qe2 91. Kb1 Qd2 92. Ka1 Kb3 93. Kb1 Qb2# 0-1

[Event "3rd FIDE WCCC Blitz G08 2019"]
[Site "Minsk"]
[Date "2019.08.18"]
[Round "6.5"]
[White "Frolova, Umila"]
[Black "Skamaroshchanka, Daryia"]
[Result "1/2-1/2"]
[ECO "B06"]
[WhiteElo "1252"]
[BlackElo "1034"]
[Annotator "NA"]
[PlyCount "80"]
[EventDate "2019.08.18"]
[EventType "swiss"]
[EventCountry "BLR"]
[SourceTitle "playchess.com"]
[Source "ChessBase"]
[SourceQuality "1"]
[TimeControl "300+2"]

1. e4 g6 2. g3 Bg7 3. Bg2 e6 4. d3 Ne7 5. Nf3 b6 6. O-O Bb7 7. Nc3 d6 8. a3 Nd7 9. Rb1 O-O 10. Bd2 d5 11. exd5 Nxd5 12. Nxd5 exd5 13. Re1 c5 14. Qc1 Qc7 15. Bh6 Rfe8 16. Bxg7 Kxg7 17. Qd2 d4 18. Rxe8 Rxe8 19. Re1 Ne5 20. Nxe5 Bxg2 21. Kxg2 Rxe5 22. Re2 Qe7 23. Rxe5 Qxe5 24. Kf1 f5 25. Qe2 Kf6 26. f4 Qxe2+ 27. Kxe2 Ke6 28. Kf3 Kd5 29. b3 b5 30. h3 c4 31. Ke2 a5 32. g4 Kc5 33. Kd2 Kd5 34. Ke2 h6 35. gxf5 gxf5 36. h4 h5 37. Kd2 cxb3 38. cxb3 Kc5 39. Kc2 Kc6 40. Kd2 Kd5 1/2-1/2

[Event "3rd FIDE WCCC Blitz G08 2019"]
[Site "Minsk"]
[Date "2019.08.18"]
[Round "6.6"]
[White "Matskevich, Varvara"]
[Black "Gerasimova, Maria V."]
[Result "1-0"]
[ECO "C71"]
[WhiteElo "1176"]
[BlackElo "1076"]
[Annotator "NA"]
[PlyCount "115"]
[EventDate "2019.08.18"]
[EventType "swiss"]
[EventCountry "BLR"]
[SourceTitle "playchess.com"]
[Source "ChessBase"]
[SourceQuality "1"]
[TimeControl "300+2"]

1. e4 e5 2. Nf3 Nc6 3. Bb5 a6 4. Ba4 d6 5. d4 exd4 6. Nxd4 b5 7. Bxb5 axb5 8. Nxc6 Qd7 9. Nd4 Nf6 10. f3 Be7 11. Be3 O-O 12. O-O Bb7 13. a3 d5 14. e5 Ne8 15. Nc3 Bc5 16. Re1 f6 17. exf6 Nxf6 18. Ndxb5 Bxe3+ 19. Rxe3 c6 20. Nd4 c5 21. Nde2 d4 22. Rd3 Qf5 23. Nb1 Qg6 24. Kh1 Nh5 25. Nd2 Nf4 26. Nxf4 Rxf4 27. Qe2 Re8 28. Qf2 Ba6 29. Rb3 c4 30. Rb4 c3 31. bxc3 Re2 32. Qg3 Rxd2 33. Rb8+ Rf8 34. Rxf8+ Kxf8 35. Qf4+ Qf6 36. Qxd2 dxc3 37. Qf2 Qe7 38. h3 Qb7 39. Qc5+ Kg8 40. Qxc3 Qe7 41. Re1 Qb7 42. Qb3+ Qxb3 43. cxb3 Kf7 44. b4 Bb5 45. Re5 Ba6 46. a4 Bb7 47. b5 Kf6 48. Re1 Kf7 49. a5 Ba8 50. a6 h6 51. b6 Kf8 52. b7 Bxb7 53. axb7 Kf7 54. b8=Q Kg6 55. Re6+ Kh7 56. Qb1+ Kg8 57. Qg6 Kf8 58. Re8# 1-0

[Event "3rd FIDE WCCC Blitz G08 2019"]
[Site "Minsk"]
[Date "2019.08.18"]
[Round "7.1"]
[White "Tong, Thai Hoang An"]
[Black "Phan, Nguyen Mai Chi"]
[Result "1-0"]
[ECO "B54"]
[WhiteElo "1208"]
[BlackElo "2139"]
[Annotator "NA"]
[PlyCount "209"]
[EventDate "2019.08.18"]
[EventType "swiss"]
[EventCountry "BLR"]
[SourceTitle "playchess.com"]
[Source "ChessBase"]
[SourceQuality "1"]
[TimeControl "300+2"]

1. e4 c5 2. Nf3 d6 3. d4 cxd4 4. Nxd4 Nf6 5. f3 g6 6. c4 Bg7 7. Nc3 Nc6 8. Be3 O-O 9. Be2 Bd7 10. Rc1 Nxd4 11. Bxd4 Bc6 12. O-O Qd7 13. Qd3 Rfc8 14. Rfd1 b6 15. Rf1 Rd8 16. Rfd1 Rac8 17. Rf1 Bb7 18. Rfd1 Bh6 19. Rc2 Bg7 20. Rcc1 Ba6 21. b3 Bb7 22. Re1 Bc6 23. Red1 Qb7 24. Rf1 a6 25. Rfd1 Rb8 26. Qe3 Be8 27. Qd3 Bc6 28. Qe3 e5 29. Bxb6 Qxb6 30. Qxb6 Rxb6 31. Nd5 Rb7 32. Rc2 Kf8 33. Rcd2 Kg8 34. Nxf6+ Bxf6 35. Rxd6 Rxd6 36. Rxd6 Bg5 37. Rxc6 Be3+ 38. Kf1 Ra7 39. Rb6 Bxb6 40. b4 a5 41. c5 Bc7 42. b5 Bb8 43. b6 Re7 44. c6 Kf8 45. Ke1 Re6 46. Bb5 Re7 47. Kd2 Re6 48. Kc3 Re7 49. Kc4 f6 50. Kd5 Kf7 51. Bc4 Kg7 52. Ba6 g5 53. Bc8 h5 54. Bd7 Kg6 55. Bf5+ Kh6 56. Bd7 h4 57. g3 Kh5 58. Bg4+ Kh6 59. gxh4 gxh4 60. h3 Kg5 61. Kc5 Kf4 62. Kd5 Ke3 63. Kc5 Kd3 64. Kb5 Kc3 65. Kxa5 Kb2 66. a4 Kb3 67. Kb5 Rg7 68. a5 Kc3 69. a6 Kd4 70. Bd7 Ke3 71. c7 Bxc7 72. bxc7 Rxd7 73. c8=Q Rg7 74. Qc3+ Kf4 75. Kb6 Rg3 76. a7 Rg8 77. Kb7 Rg7+ 78. Ka6 Rg8 79. Qd3 Kg3 80. Qd5 Rf8 81. a8=Q Rxa8+ 82. Qxa8 Kxh3 83. Qc6 Kg3 84. Qc3 h3 85. Qe1+ Kxf3 86. Qh1+ Kg3 87. Kb5 h2 88. Kc4 Kf4 89. Kd3 Kg3 90. Ke3 Kh3 91. Kf3 Kh4 92. Qxh2+ Kg5 93. Qg3+ Kh6 94. Qh4+ Kg7 95. Kg4 Kf7 96. Kf5 Ke7 97. Qxf6+ Kd7 98. Qxe5 Kc6 99. Qd5+ Kc7 100. e5 Kc8 101. e6 Kc7 102. e7 Kb6 103. e8=Q Kc7 104. Qec6+ Kb8 105. Qb7# 1-0

[Event "3rd FIDE WCCC Blitz G08 2019"]
[Site "Minsk"]
[Date "2019.08.18"]
[Round "7.2"]
[White "Preobrazhenskaya, Diana"]
[Black "Asachenko, Ksenia"]
[Result "1-0"]
[ECO "C02"]
[WhiteElo "1361"]
[BlackElo "1169"]
[Annotator "NA"]
[PlyCount "61"]
[EventDate "2019.08.18"]
[EventType "swiss"]
[EventCountry "BLR"]
[SourceTitle "playchess.com"]
[Source "ChessBase"]
[SourceQuality "1"]
[TimeControl "300+2"]

1. e4 c5 2. c3 e6 3. d4 d5 4. e5 Nc6 5. Nf3 Qb6 6. a3 Nh6 7. b4 cxd4 8. cxd4 Nf5 9. Be3 Bd7 10. Be2 h6 11. O-O g5 12. g4 Nxe3 13. fxe3 Bg7 14. Nc3 Nxe5 15. Nxe5 Bxe5 16. Na4 Bxh2+ 17. Kxh2 Qd6+ 18. Kg2 a5 19. b5 b6 20. Qe1 f5 21. gxf5 exf5 22. Qg3 f4 23. exf4 gxf4 24. Rxf4 Qe6 25. Bh5+ Kd8 26. Bg4 Qd6 27. Bxd7 Kxd7 28. Rf7+ Ke8 29. Qxd6 Rg8+ 30. Kh3 h5 31. Qe7# 1-0

[Event "3rd FIDE WCCC Blitz G08 2019"]
[Site "Minsk"]
[Date "2019.08.18"]
[Round "7.3"]
[White "Olimova, Rukiya"]
[Black "Skamaroshchanka, Daryia"]
[Result "1/2-1/2"]
[ECO "A40"]
[WhiteElo "1178"]
[BlackElo "1034"]
[Annotator "NA"]
[PlyCount "88"]
[EventDate "2019.08.18"]
[EventType "swiss"]
[EventCountry "BLR"]
[SourceTitle "playchess.com"]
[Source "ChessBase"]
[SourceQuality "1"]
[TimeControl "300+2"]

1. d4 g6 2. Bf4 Bg7 3. e3 b6 4. Nf3 Bb7 5. Be2 d6 6. O-O Nd7 7. Nbd2 e6 8. c4 Ne7 9. Rc1 O-O 10. Qb3 d5 11. Rfd1 c5 12. Bg3 cxd4 13. exd4 Rc8 14. c5 Nf5 15. Qb4 a5 16. Qb5 Bc6 17. Qd3 bxc5 18. dxc5 Bxb2 19. Rb1 Bg7 20. Nb3 Qe7 21. Nxa5 Nxc5 22. Nxc6 Rxc6 23. Qb5 Rcc8 24. Bd3 Nxg3 25. hxg3 Nxd3 26. Qxd3 Qc5 27. Rdc1 Qd6 28. Qd2 h5 29. Rc2 Kh7 30. Ng5+ Kg8 31. Nf3 Rc5 32. Rxc5 Qxc5 33. Rc1 Qa3 34. Qc2 Qb2 35. Qxb2 Bxb2 36. Rb1 Bg7 37. a4 Ra8 38. Rb4 Bf8 39. Rd4 Bc5 40. Rf4 Bd6 41. Rd4 e5 42. Rxd5 Bc7 43. Rc5 Bd6 44. Rd5 Bc7 1/2-1/2

[Event "3rd FIDE WCCC Blitz G08 2019"]
[Site "Minsk"]
[Date "2019.08.18"]
[Round "7.4"]
[White "Mutina, Evdokia"]
[Black "Dandish, Izabella"]
[Result "0-1"]
[ECO "A01"]
[WhiteElo "1001"]
[BlackElo "1563"]
[Annotator "NA"]
[PlyCount "118"]
[EventDate "2019.08.18"]
[EventType "swiss"]
[EventCountry "BLR"]
[SourceTitle "playchess.com"]
[Source "ChessBase"]
[SourceQuality "1"]
[TimeControl "300+2"]

1. b3 e5 2. Bb2 Nc6 3. e3 d5 4. Bb5 Bd6 5. f4 a6 6. Bxc6+ bxc6 7. fxe5 Bf8 8. Nf3 Be6 9. O-O Bc5 10. Nd4 Qd7 11. Nxe6 Qxe6 12. d4 Bb6 13. Ba3 Ne7 14. Nd2 O-O 15. Nf3 c5 16. Bxc5 Bxc5 17. dxc5 Nc6 18. Nd4 Nxd4 19. exd4 c6 20. Qf3 Qg6 21. Qd3 Qg4 22. Rf3 h6 23. Raf1 Qe4 24. Qxe4 dxe4 25. Re3 Rad8 26. Rxe4 Rfe8 27. Ref4 Re7 28. c4 Rdd7 29. Rf5 Rxd4 30. Re1 Rd2 31. Rf2 Rd8 32. Rfe2 Rde8 33. Kf2 Kh7 34. Kf3 Kg6 35. Kf4 f5 36. g4 fxg4 37. Kxg4 h5+ 38. Kf4 Kf7 39. Re3 Re6 40. Kg5 g6 41. Rf3+ Kg7 42. Rf6 Rxe5+ 43. Rxe5 Rxe5+ 44. Kf4 Kxf6 45. Kf3 Rxc5 46. Ke3 g5 47. Kd4 Rf5 48. a4 Rf4+ 49. Kc5 g4 50. Kxc6 Rf2 51. Kb6 Rxh2 52. c5 Rc2 53. c6 g3 54. c7 g2 55. Kxa6 g1=Q 56. c8=Q Rxc8 57. b4 Rc6+ 58. Kb7 Qb6+ 59. Ka8 Rc8# 0-1

[Event "3rd FIDE WCCC Blitz G08 2019"]
[Site "Minsk"]
[Date "2019.08.18"]
[Round "7.5"]
[White "Polakiewicz, Blanka"]
[Black "Frolova, Umila"]
[Result "0-1"]
[ECO "B06"]
[WhiteElo "1135"]
[BlackElo "1252"]
[Annotator "NA"]
[PlyCount "60"]
[EventDate "2019.08.18"]
[EventType "swiss"]
[EventCountry "BLR"]
[SourceTitle "playchess.com"]
[Source "ChessBase"]
[SourceQuality "1"]
[TimeControl "300+2"]

1. e4 g6 2. d4 Bg7 3. Nf3 d6 4. Bc4 Nf6 5. Nc3 O-O 6. O-O Nc6 7. Be3 e5 8. d5 Ne7 9. Qd2 Nd7 10. Bh6 f5 11. Bxg7 Kxg7 12. exf5 gxf5 13. Qg5+ Kh8 14. Nh4 Rg8 15. Qe3 f4 16. Qe2 Nf6 17. Nf3 Bh3 18. Nh4 Rg4 19. Qf3 Rxh4 20. gxh3 e4 21. Nxe4 Qg8+ 22. Kh1 Nxe4 23. Qxe4 Ng6 24. Qd4+ Ne5 25. Qe4 Re8 26. Rg1 Qf7 27. Qe2 Rxh3 28. Rae1 f3 29. Qe3 Qh5 30. Qc3 Rxh2# 0-1

[Event "3rd FIDE WCCC Blitz G08 2019"]
[Site "Minsk"]
[Date "2019.08.18"]
[Round "7.6"]
[White "Kudrina, Evelina"]
[Black "Ukrainskaya, Ilona"]
[Result "1-0"]
[ECO "D53"]
[WhiteElo "1194"]
[BlackElo "1211"]
[Annotator "NA"]
[PlyCount "23"]
[EventDate "2019.08.18"]
[EventType "swiss"]
[EventCountry "BLR"]
[SourceTitle "playchess.com"]
[Source "ChessBase"]
[SourceQuality "1"]
[TimeControl "300+2"]

1. d4 d5 2. c4 e6 3. Nc3 Nf6 4. Bg5 Be7 5. e3 O-O 6. h4 h6 7. Nh3 hxg5 8. hxg5 Ne8 9. Qh5 f6 10. g6 Rf7 11. Qh7+ Kf8 12. Qh8# 1-0

[Event "3rd FIDE WCCC Blitz G08 2019"]
[Site "Minsk"]
[Date "2019.08.18"]
[Round "8.1"]
[White "Tong, Thai Hoang An"]
[Black "Preobrazhenskaya, Diana"]
[Result "0-1"]
[ECO "C55"]
[WhiteElo "1208"]
[BlackElo "1361"]
[Annotator "NA"]
[PlyCount "122"]
[EventDate "2019.08.18"]
[EventType "swiss"]
[EventCountry "BLR"]
[SourceTitle "playchess.com"]
[Source "ChessBase"]
[SourceQuality "1"]
[TimeControl "300+2"]

1. e4 e5 2. Nf3 Nc6 3. d4 exd4 4. Bc4 Nf6 5. O-O d6 6. Nxd4 Be7 7. Nc3 O-O 8. Bf4 Ne5 9. Bb3 Ng6 10. Be3 Ng4 11. Nf5 Nxe3 12. Nxe3 c6 13. f4 Kh8 14. f5 Ne5 15. Nc4 Nxc4 16. Bxc4 Bf6 17. Qd3 Qe7 18. Rad1 Rd8 19. Qg3 Be5 20. Qf3 Qf6 21. Rd2 b5 22. Bb3 a5 23. a3 a4 24. Ba2 Qh4 25. h3 Bd7 26. Bxf7 Rf8 27. Ba2 g6 28. Qg4 Qf6 29. Qe2 gxf5 30. exf5 Bxf5 31. Ne4 Qg6 32. Nf2 Bf4 33. Rdd1 Rae8 34. Qf3 Be3 35. Kh1 Bxc2 36. Qg4 Qxg4 37. Nxg4 Bxd1 38. Rxd1 Bf4 39. Nh2 Bxh2 40. Kxh2 Rf2 41. Rxd6 Rxb2 42. Bf7 Rf8 43. Rf6 Rd8 44. Be6 Kg7 45. Rf7+ Kg6 46. Rf3 Rdd2 47. Bf5+ Kg7 48. Rg3+ Kh8 49. Be4 Rb3 50. Rg4 Rd4 51. Bxc6 Rxg4 52. hxg4 Rxa3 53. Bd5 Rd3 54. Bf7 a3 55. g5 Rd2 56. Bb3 a2 57. Bxa2 Rxa2 58. Kg1 b4 59. Kf1 b3 60. Ke1 b2 61. Kf1 b1=Q# 0-1

[Event "3rd FIDE WCCC Blitz G08 2019"]
[Site "Minsk"]
[Date "2019.08.18"]
[Round "8.2"]
[White "Phan, Nguyen Mai Chi"]
[Black "Olimova, Rukiya"]
[Result "1-0"]
[ECO "A20"]
[WhiteElo "2139"]
[BlackElo "1178"]
[Annotator "ChessBase"]
[PlyCount "108"]
[EventDate "2019.08.18"]
[EventType "swiss"]
[EventCountry "BLR"]
[SourceTitle "playchess.com"]
[Source "ChessBase"]
[SourceQuality "1"]
[TimeControl "300+2"]

1. c4 e5 2. b3 Nc6 3. Bb2 Bc5 4. a3 a5 5. d3 d6 6. e3 Be6 7. Nf3 f5 8. Nbd2 Nf6 9. Be2 O-O 10. O-O Qd7 11. Qc2 Rad8 12. Rfe1 h6 13. Rad1 Rfe8 14. d4 exd4 15. exd4 Ba7 16. d5 Bxd5 17. cxd5 Nxd5 18. Bc4 Qf7 19. Nf1 Nce7 20. Ne3 Bxe3 21. Rxe3 Kh8 22. Red3 c6 23. Bxd5 Nxd5 24. R3d2 Re7 25. Re2 Rde8 26. Rde1 Nf4 27. Rxe7 Rxe7 28. Rxe7 Qxe7 29. g3 Nd5 30. Qxf5 b5 31. Nh4 Qe1+ 32. Kg2 Kg8 33. Ng6 Qe8 34. Nf4 Nxf4+ 35. Qxf4 Qe7 36. Qf3 Qd7 37. Qd3 d5 38. Qd4 Kf8 39. Qf4+ Ke8 40. Qb8+ Qd8 41. Qe5+ Qe7 42. Qxg7 Qxg7 43. Bxg7 h5 44. Kh3 Kf7 45. Bd4 Kg6 46. Kh4 a4 47. b4 Kh6 48. f4 Kg6 49. g4 hxg4 50. Kxg4 Kf7 51. h4 Kg8 52. Kg5 Kh7 53. f5 Kg8 54. Kg6 Kf8 1-0

[Event "3rd FIDE WCCC Blitz G08 2019"]
[Site "Minsk"]
[Date "2019.08.18"]
[Round "8.3"]
[White "Dandish, Izabella"]
[Black "Matskevich, Varvara"]
[Result "0-1"]
[ECO "B90"]
[WhiteElo "1563"]
[BlackElo "1176"]
[Annotator "NA"]
[PlyCount "148"]
[EventDate "2019.08.18"]
[EventType "swiss"]
[EventCountry "BLR"]
[SourceTitle "playchess.com"]
[Source "ChessBase"]
[SourceQuality "1"]
[TimeControl "300+2"]

1. e4 c5 2. Nf3 d6 3. d4 cxd4 4. Nxd4 Nf6 5. Nc3 a6 6. a4 e6 7. Be2 Be7 8. O-O O-O 9. Bg5 Qc7 10. Bd3 h6 11. Bh4 Nc6 12. Nxc6 bxc6 13. Qf3 d5 14. exd5 cxd5 15. Bg3 Qb6 16. b3 Bb7 17. Qe2 Rac8 18. Na2 Kh8 19. Be5 Rc6 20. Qe3 Qxe3 21. fxe3 Rfc8 22. Rf4 Kg8 23. c3 Kh8 24. Be2 Kg8 25. Bd3 Rd8 26. b4 Rdc8 27. Raf1 Rd8 28. Ra1 Nd7 29. Bd4 Rcc8 30. e4 e5 31. Bxe5 Nxe5 32. Be2 dxe4 33. Rf5 Ng6 34. Raf1 Bd5 35. Rd1 Bxa2 36. Rxd8+ Rxd8 37. Kf2 Rd5 38. Rxd5 Bxd5 39. Bxa6 Ne5 40. b5 Bd6 41. b6 Bb8 42. a5 Nc6 43. c4 Be6 44. c5 Nxa5 45. Bb5 Bd5 46. c6 Bxc6 47. Be2 f5 48. Ke3 Bd5 49. Kd4 Bc6 50. Kc5 Kf7 51. Kb4 Nb7 52. Bc4+ Ke7 53. Kc3 Nd6 54. Bb3 Nc8 55. Kd4 Nxb6 56. g3 Kd6 57. h3 Nd5 58. g4 g6 59. Bxd5 Bxd5 60. Kc3 h5 61. g5 f4 62. h4 Ke5 63. Kd2 Kf5 64. Ke2 Kg4 65. Kf2 Ba7+ 66. Kg2 f3+ 67. Kf1 e3 68. Ke1 f2+ 69. Ke2 Bc4+ 70. Kd1 f1=Q+ 71. Kc2 e2 72. Kb2 e1=Q 73. Ka3 Bc5+ 74. Kb2 Qd2# 0-1

[Event "3rd FIDE WCCC Blitz G08 2019"]
[Site "Minsk"]
[Date "2019.08.18"]
[Round "8.4"]
[White "Frolova, Umila"]
[Black "Lajdamik, Kinga"]
[Result "1-0"]
[ECO "B01"]
[WhiteElo "1252"]
[BlackElo "1145"]
[Annotator "NA"]
[PlyCount "40"]
[EventDate "2019.08.18"]
[EventType "swiss"]
[EventCountry "BLR"]
[SourceTitle "playchess.com"]
[Source "ChessBase"]
[SourceQuality "1"]
[TimeControl "300+2"]

1. e4 d5 2. Nf3 dxe4 3. Ng5 Nf6 4. Nc3 Bf5 5. Qe2 Nc6 6. Ngxe4 Nxe4 7. Nxe4 Nd4 8. Qd3 Qd5 9. f3 Bxe4 10. fxe4 Qe5 11. Be2 O-O-O 12. c3 Nb3 13. Qh3+ e6 14. axb3 Qxe4 15. Rxa7 Kb8 16. Ra1 Bc5 17. Qf3 Qe5 18. d4 Bxd4 19. cxd4 Rxd4 20. O-O Rh4 1-0